AoeStats
← christar123 ten

Arabian Desert

510567999Analyzed
1v1 RM · 11h ago on Oct 1, 2026· 53m 56s· 2 players
Game mode
Random Map
Map size
Tiny (2 player)
Population
200
Speed
Normal
Resources
Standard
Victory
Conquest
Starting age
Dark Age
Ending age
Imperial Age
RankedLock teamsTeams togetherTeam positionsShared explorationLock speedFull tech treeHidden civsTurbo modeCheats
Victory
Defeat
🇬🇧 Franks · United Kingdom
2140
+13
🇺🇸 Jurchens · United States
2085
-13
Muzio
6:36 Loom
9:06 Feudal Age
9:45 Double-Bit Axe
10:06 Horse Collar
12:20 Town Watch
22:25 Castle Age
21:33 Bloodlines
21:29 Scale Barding Armor
21:38 Gold Mining
23:35 Chain Barding Armor
23:27 Bow Saw
30:38 Fletching
32:16 Bodkin Arrow
35:55 Ballistics
37:52 Wheelbarrow
37:24 Husbandry
44:08 Imperial Age
44:51 Bracer
46:57 Light Cavalry
christar123 ten
8:22 Feudal Age
6:58 Loom
9:29 Double-Bit Axe
19:08 Castle Age
18:03 Scale Barding Armor
22:14 Forging
22:31 Bow Saw
26:06 Husbandry
26:55 Devotion
31:08 Chain Barding Armor
31:40 Stone Mining
35:29 Iron Casting
36:25 Wheelbarrow
39:50 Imperial Age
39:23 Gold Mining
41:09 Plate Barding Armor
40:41 Cavalier
49:50 Gold Shaft Mining
49:58 Light Cavalry
51:07 Hand Cart
52:26 Blast Furnace
51:50 Town Watch
53:26 Fletching
Connection lost

Rejoining the realm…

Still unreachable

The connection could not be restored.

Session expired

The server has moved on; the page needs a fresh start.